 Dungeon Crawl Stone Soup version 0.31-a0-924-ge39a22a033 (webtiles) character file.

Game seed: 14542202265351528830

242 Gladio the Cutter (level 5, -1/40 HPs)
             Began as a Vampire Gladiator on Oct 18, 2023.
             Was a Priest of Uskayaw.
             Slain by a water moccasin (4 damage)
             ... on level 4 of the Dungeon.
             The game lasted 00:04:35 (1798 turns).

Gladio the Cutter (Vampire Gladiator)               Turns: 1798, Time: 00:04:36

Health: -1/40      AC:  7    Str: 13    XL:     5   Next: 81%
Magic:  1/5        EV: 12    Int: 11    God:    Uskayaw [***...]
Gold:   122        SH:  0    Dex: 17    Spells: 4/4 levels left

rFire   . . .        a - +0 rapier
rCold   . . .        (no shield)
rNeg    . . .        l - +0 ring mail
rPois   .            c - +0 helmet
rElec   .            p - +0 cloak
rCorr   .            (no gloves)
SInv    +            (no boots)
Will    .....        n - amulet of faith
Stlth   +            (no ring)
HPRegen 0.46/turn    (no ring)
MPRegen 0.09/turn

%: faith
@: about to teleport, healing quickly
A: alive, fangs 3, see invisible, vampiric 2
a: Exsanguinate, Renounce Religion, Stomp, Line Pass


You were on level 4 of the Dungeon.
You worshipped Uskayaw.
Uskayaw was noncommittal.
You visited 1 branch of the dungeon, and saw 4 of its levels.

You collected 122 gold pieces.

Inventory:

Hand Weapons
 a - a +0 rapier (weapon)
Missiles
 e - a javelin
Armour
 b - a +0 leather armour
 c - a +0 helmet (worn)
 l - a +0 ring mail (worn)
 p - a +0 cloak (worn)
Jewellery
 n - an amulet of faith (around neck)
Scrolls
 f - a scroll of poison {unknown}
 h - a scroll of revelation {unknown}
 m - a scroll of immolation
 q - a scroll of fear {unknown}
 r - a scroll of identify
 s - 2 scrolls of fog
Potions
 g - 2 potions of enlightenment
 i - 2 potions of mutation {unknown}
 k - a potion of magic {unknown}
 o - a potion of haste {unknown}


   Skills:
 + Level 2.8 Fighting
 * Level 5.2 Short Blades
 - Level 1.5 Throwing
 + Level 1.7 Armour
 + Level 4.3 Dodging
 + Level 0.7 Invocations


You had 4 spell levels left.
You didn't know any spells.
Your spell library contained the following spells:

 Spells                   Type           Power      Damage    Failure   Level
 Shock                    Conj/Air       0%         1d3       58%         1
 Inner Flame              Hex/Fire       0%         N/A       92%         3
 Swiftness                Air            0%         N/A       92%         3
 Airstrike                Air            0%         2d(0-16)  100%        4
 Animate Dead             Necr           0%         N/A       100%        4
 Flame Wave               Conj/Fire      0%         2d4       100%        4
 Sticky Flame             Conj/Fire      0%         2d3       100%        4
 Haunt                    Necr/Summ      0%         N/A       100%        7
 Infestation              Necr           0%         N/A       100%        8


Dungeon Overview and Level Annotations

Branches:
Dungeon (4/15)
 Temple: D:4-7

Altars:
Uskayaw
Xom


Innate Abilities, Weirdness & Mutations

Your natural rate of healing is accelerated.
You have razor-sharp teeth.
You have supernaturally acute eyesight. (SInv)
You are afflicted with vampirism and can become a bat while bloodless.


Message History

The ogre is lightly wounded.
A water moccasin comes into view.
The ogre struggles against the net.
The water moccasin hisses angrily.
You puncture the ogre!
The ogre is heavily wounded.
The ogre struggles against the net.
You can now pass through a line of other dancers.
You hit the ogre.
The ogre is severely wounded.
The ogre struggles against the net.
The net rips apart, and the ogre comes free!
Uskayaw will force your foes to helplessly watch your dance.
Uskayaw prepares the audience for your solo!
The helpless ogre fails to defend itself.
You puncture the ogre!
You kill the ogre!
The water moccasin is no longer paralysed. x3
The goblin is no longer paralysed.
The water moccasin barely misses you.
Your Short Blades skill increases to level 5!
Okay, then.
Aiming: Line Pass
Press: ? - help, Dir - move target The water moccasin appears confused. x2; The goblin appears confused.
The water moccasin bites the water moccasin.
The goblin hits you but does no damage.
You hit the water moccasin.
The water moccasin is moderately wounded.
The water moccasin seems less confused. x2
The goblin hits you with a +0 dagger.
* * * LOW HITPOINT WARNING * * *
Okay, then.
As you read the scroll of teleportation, it crumbles to dust.
You feel strangely unstable.
The goblin seems less confused.
The water moccasin bites you!
* * * LOW HITPOINT WARNING * * *
The water moccasin barely misses you. The goblin hits you with a +0 dagger.
* * * LOW HITPOINT WARNING * * *
The water moccasin closely misses you. The water moccasin bites you.
You die...

#### ...#####
#.....# ##
#...S.##### #.#
#...@g)...### ##..#
#...SS###...####...#
#.....# ###..#...###
.......# ##†......#
.......###
##..#.#... .......
#####..#..##.#
.......
...............
.......
..........<...#
....#####.#####


You could see 3 water moccasins and a goblin.

Vanquished Creatures
  2 ogres
  A gnoll (D:1)
  3 worms
  8 ball pythons
  3 endoplasms
  3 giant cockroaches
  6 goblins
  4 hobgoblins
  4 jackals (D:1)
  5 kobolds
  2 quokkas (D:3)
  5 bats
  2 frilled lizards (D:3)
  4 rats
52 creatures vanquished.

Notes
Turn   | Place    | Note
-------+----------+-------------------------------------------
     0 | D:1      | Gladio the Vampire Gladiator began the quest for the Orb.
     0 | D:1      | Reached XP level 1. HP: 16/16 MP: 1/1
   130 | D:1      | Reached XP level 2. HP: 13/22 MP: 2/2
   225 | D:1      | You fall into a shaft and drop 1 floor!
   506 | D:1      | Gained mutation: You are afflicted with vampirism and can
                  | become a bat while bloodless. [Vampire growth]
   506 | D:1      | Reached XP level 3. HP: 27/27 MP: 3/3
   590 | D:1      | Reached skill level 4 in Short Blades
   867 | D:2      | Reached skill level 1 in Armour
   999 | D:3      | Found a shimmering altar of Xom.
  1003 | D:3      | Noticed an ogre
  1026 | D:3      | Killed an ogre
  1027 | D:3      | Reached XP level 4. HP: 34/34 MP: 4/4
  1116 | D:3      | Reached XP level 5. HP: 39/39 MP: 5/5
  1129 | D:3      | Noticed a +0 hand axe
  1131 | D:3      | Noticed a +0 hand axe
  1132 | D:3      | Found a hide-covered altar of Uskayaw.
  1318 | D:3      | Became a worshipper of Uskayaw the Reveller
  1345 | D:3      | Reached * piety under Uskayaw
  1454 | D:3      | Found a faded altar of an unknown god.
  1494 | D:3      | Reached ** piety under Uskayaw
  1784 | D:4      | Noticed an ogre
  1787 | D:4      | Noticed a water moccasin
  1789 | D:4      | Noticed a water moccasin
  1791 | D:4      | Noticed a water moccasin
  1793 | D:4      | Reached *** piety under Uskayaw
  1794 | D:4      | Killed an ogre
  1795 | D:4      | Reached skill level 5 in Short Blades
  1798 | D:4      | Slain by a water moccasin

Illustrated notes

Levels and vault maps discovered:
D:1:      lemuel_arrival_room, layout_rooms
D:2:      layout_rooms, basic_altar, nicolae_concentric_dashed_squares_wild,
          kennysheep_big_empty_room
D:3:      layout_loops_ring, dancing_weapons_uskayaw, xom_teletrap_fun,
          hellmonk_ecumenical_altar_leap_of_faith
D:4:      layout_rooms, nemelex_xobeh_ov_fountains_minmay, guppyfry_shop_venom

Skill      XL: |  1  2  3  4  5 |
---------------+----------------+-----
Fighting       | 2 |  2.8
Short Blades   | 4 5 |  5.2
Armour         | 1 |  1.7
Dodging        | 4 |  4.3
Throwing       | |  1.5
Invocations    | |  0.7

Action                     |  1- 3 |  4- 6 || total
---------------------------+-------+-------++-------
  Melee: Rapier            |    84 |    54 ||   138
         Bite              |     9 |     7 ||    16
         Punch             |     1 |       ||     1
  Throw: Throwing net      |     2 |     2 ||     4
         Javelin           |     1 |       ||     1
 Invoke: Stomp             |       |     1 ||     1
         Line Pass         |       |     1 ||     1
    Use: Scroll            |       |     5 ||     5
   Stab: Paralysed         |       |     1 ||     1
 Armour: Leather armour    |    38 |       ||    38
         Ring mail         |    10 |    30 ||    40
  Dodge: Dodged            |    63 |    31 ||    94

Table legend: (Time is in decaauts)
 A = Elapsed time spent in this place.
 B = Non-inter-level travel time spent in this place.
 C = Inter-level travel time spent in this place.
 D = Time resting spent in this place.
 E = Time spent auto-exploring this place.
 F = Levels seen in this place.
 G = Mean time per level.
                   A        B        C        D        E       F      G
               +--------+--------+--------+--------+--------+-----+--------+
         Total |   1797 |   1651 |    146 |      0 |   1250 |   4 |  449.2 |
       Dungeon |   1797 |   1651 |    146 |      0 |   1250 |   4 |  449.2 |
               +--------+--------+--------+--------+--------+-----+--------+

Top non-repeatable levels by time:
     D:3: 784 daAuts
     D:2: 499 daAuts
     D:1: 477 daAuts
     D:4: 36 daAuts
